 Dungeon Crawl Stone Soup version 0.19.0-11-g3fc08b3 (webtiles) character file.

263620 Lochraine the Brawler (level 19, -21/172 HPs)
             Began as a Troll Monk on Nov 8, 2016.
             Was the Champion of Ru.
             Demolished by an azure jelly (44 damage)
             ... on level 5 of the Pits of Slime.
             The game lasted 02:26:03 (32993 turns).

Lochraine the Brawler (Troll Monk)                 Turns: 32993, Time: 02:26:04

Health: -21/172    AC: 20    Str: 24    XL:     19   Next: 63%
Magic:  14/18      EV: 17    Int:  7    God:    Ru [******]
Gold:   2277       SH: 14    Dex: 20    Spells: 1 memorised, 21 levels left

rFire  + + +     SeeInvis .       - Unarmed
rCold  . . .     Gourm    +     I - +1 fire dragon scales
rNeg   . . .     Faith    .     J - +2 shield of Resistance {rF+ rC+ MR+}
rPois  .         Spirit   .     O - +2 hat
rElec  .         Reflect  .     M - +2 cloak
rCorr  +         Harm     .     (gloves unavailable)
MR     +++..                    (boots unavailable)
Stlth  ..........               (no amulet)
                                c - ring of resist corrosion
                                B - ring of protection from magic

@: agile, exhausted, drained
A: unfitting armour, claws 3, talons 1, clumsy 1, fast metabolism 3, frail 1,
gourmand, low mp 1, regeneration 1, shaggy fur 1, tough skin 2, no stealth,
inability to use devices, reduced EV 1, unskilled 1
a: Draw Out Power, Power Leap, Apocalypse, Renounce Religion
}: 1/15 runes: barnacled


You were on level 5 of the Pits of Slime.
You worshipped Ru.
Ru was exalted by your worship.
You were not hungry.

You visited 7 branches of the dungeon, and saw 35 of its levels.
You visited the Abyss 1 time.

You collected 2426 gold pieces.
You spent 149 gold pieces at shops.

Inventory:

Hand Weapons
 a - a +0 blowgun
 x - a +2 giant spiked club
Missiles
 o - 10 needles of sleeping
 p - 6 throwing nets
 r - 3 javelins
 s - 23 large rocks
 C - 22 poisoned needles
 D - 15 poisoned javelins (quivered)
 E - 17 javelins of returning
Armour
 H - a +2 robe of cold resistance
 I - +1 fire dragon scales (worn)
 J - the +2 shield of Resistance (worn) {rF+ rC+ MR+}
   (You found it on level 14 of the Dungeon)

   It protects you from fire.
   It protects you from cold.
   It affects your resistance to hostile enchantments.
 M - a +2 cloak (worn)
 O - a +2 hat (worn)
 Y - a +0 troll leather armour {Snorg}
Magical Staves
 Z - an uncursed staff of summoning
Jewellery
 c - a ring of resist corrosion (right claw)
 k - a +5 ring of evasion
 t - a +5 ring of dexterity
 v - an uncursed ring of protection from fire
 w - a +3 ring of intelligence
 y - a +2 ring of protection
 B - a ring of protection from magic (left claw)
 T - an uncursed ring of positive energy
Scrolls
 d - 3 scrolls of immolation
 f - 5 scrolls of magic mapping
 g - 12 scrolls of identify
 j - 3 scrolls of enchant weapon
 A - 13 scrolls of remove curse
 F - 2 scrolls of amnesia
Potions
 e - 4 potions of curing
 h - 5 potions of flight
 z - a potion of haste
 K - 5 potions of might {unknown}
 N - 2 potions of resistance {unknown}
 Q - a potion of magic {unknown}
 S - 5 potions of cancellation {unknown}
 U - 2 potions of agility
 X - 4 potions of brilliance {unknown}
Books
 l - a book of Battle

   Spells                             Type                      Level
   a - Infusion                       Charms                       1
   b - Shroud of Golubria             Charms/Translocation         2
   c - Song of Slaying                Charms                       2
   d - Spectral Weapon                Hexes/Charms                 3
   e - Regeneration                   Charms/Necromancy            3
 u - the Catalogue of the Arsonist
   (You found it on level 2 of the Shoals)

   Spells                             Type                      Level
   a - Throw Flame                    Conjuration/Fire             2
   b - Conjure Flame                  Conjuration/Fire             3
   c - Sticky Flame                   Conjuration/Fire             4
 R - the Reference Book on Dark Rites
   (You found it on level 1 of the Elven Halls)

   Spells                             Type                      Level
   a - Corpse Rot                     Necromancy                   2
   b - Regeneration                   Charms/Necromancy            3
   c - Bolt of Draining               Conjuration/Necromancy       5
   d - Death Channel                  Necromancy                   6
Comestibles
 b - 22 bread rations
 i - a royal jelly
 m - 8 meat rations
 q - 12 beef jerkies
 L - 9 fruits


   Skills:
 + Level 12.6(11.4) Fighting
 + Level 7.1(6.1) Throwing
 + Level 8.5(7.4) Armour
 + Level 12.2(11.0) Dodging
 - Level 9.0(7.9) Shields
 * Level 18.6(17.3) Unarmed Combat
 - Level 2.1(1.2) Spellcasting
 - Level 3.1(2.1) Necromancy


You had 21 spell levels left.
You knew the following spells:

 Your Spells              Type           Power        Failure   Level  Hunger
a - Animate Skeleton      Necr           N/A          58%         1    ##.....


Dungeon Overview and Level Annotations

Branches:
Dungeon (15/15)            Temple (1/1) D:5            Lair (6/6) D:9
 Shoals (4/4) Lair:4       Spider (0/4) Lair:4        Slime (5/5) Lair:6
    Orc (2/2) D:10            Elf (2/3) Orc:2        Vaults (0/5) D:14
 Depths (0/5) D:15

Altars:
Ashenzari
Cheibriados
Dithmenos
Elyvilon
Fedhas
Gozag
Hepliaklqana
Kikubaaqudgha
Makhleb
Nemelex Xobeh
Okawaru
Qazlal
Ru
Sif Muna
Trog
Uskayaw
Vehumet
Xom
Yredelemnul
Zin
The Shining One
Beogh
Jiyva

Shops:
D:7 }   D:11 (   Orc:2 **%*   Elf:1 %   Elf:2 %

Annotations:
D:4 Blork the orc, Grinder
D:14 1 runed door


Innate Abilities, Weirdness & Mutations

You are too large for most types of armour.
You have claws for hands.
You are clumsy. (Dex -2)
Your metabolism is lightning-fast.
You like to eat raw meat.
Your magical capacity is low. (-10% MP)
Your natural rate of healing is unusually fast.
You are covered in fur. (AC +1)
You have very tough skin. (AC +2)
You cannot be stealthy.
You cannot study or use magical devices.
You have somewhat slow reflexes. (EV -3)
You are somewhat unskilled. (-1 Apt)
You have sharp toenails.
You are frail. (-10% HP)


Message History

You block the azure jelly's attack.
The azure jelly hits you but does no damage. x2
The azure jelly completely misses you. You block the azure jelly's attack. x2
The azure jelly hits you.
The azure jelly hits you but does no damage.
The very large slime creature stops glowing.
The azure jelly misses you. The azure jelly hits you.
The azure jelly freezes you!!!
* * * LOW HITPOINT WARNING * * *
You focus your will and illuminate the azure jelly in retribution!
You block the azure jelly's attack.
The azure jelly hits you but does no damage.
Okay, then.
You feel better.
You redirect the slime creature's attack!
The slime creature hits the azure jelly!
The azure jelly closely misses you. The azure jelly hits you.
* * * LOW HITPOINT WARNING * * *
The azure jelly freezes you!!!
You die...

##### #####....##
##.#..#....#
####.#.........
#####..............
###.#..........<.....
#....................
##..J@................
#..JJJ................
#.....................
#........................
#........................
#..J.....................
........................
...................
..................


You could see an azure jelly, a very large slime creature and 3 slime creatures.

Vanquished Creatures
  The ghost of mistymad the Brawler, an adept NaTm of Cheibriados (Elf:1)
  Jorgrun (Elf:2)
  The ghost of slayr the Merfolkian Blade, an adept MfBe of Trog (Shoals:3)
  A deep elf blademaster (Elf:2)
  4 tentacled starspawn (Abyss:3)
  Frances (Elf:1)
  2 krakens
  Ilsuiw (Shoals:3)
  An azure jelly (Slime:3)
  The ghost of McCoppin the Basher, an adept FoFi of Kikubaaqudgha (D:15)
  2 orc warlords
  The ghost of Oozefury the Severer, a journeyman HOAK of Lugonu (Lair:5)
  An entropy weaver (Abyss:3)
  A juggernaut skeleton (D:15)
  The ghost of Monkaria the Champion of Chaos, a journeyman DDEE of Makhleb (Orc:2)
  2 deep elf demonologists
  A deep elf annihilator (Elf:1)
  Snorg (D:11)
  2 merfolk javelineers (Shoals:4)
  2 deep elf death magi (Elf:1)
  10 merfolk impalers
  A great orb of eyes (Slime:3)
  A fire dragon (D:14)
  3 hydras (Lair:6)
  2 ice dragons (D:14)
  2 merfolk avatars (Shoals:4)
  A catoblepas (Abyss:3)
  4 merfolk aquamancers (Shoals:4)
  2 satyrs
  Erica (Lair:1)
  5 centaur warriors
  6 alligator snapping turtles
  An ogre mage (D:14)
  28 dancing weapons
  4 orc high priests (Orc:2)
  Nergalle (Lair:4)
  20 deep elf knights
  3 skeletal warriors
  A sixfirhy (Abyss:3)
  A flayed ghost (Abyss:3)
  A kraken simulacrum (Shoals:4)
  12 sea snakes
  A glowing orange brain (Abyss:3)
  12 deep elf archers
  3 hill giants
  20 harpies
  5 orc knights (Orc:2)
  A wolf spider zombie (D:10)
  49 deep elf magi
  An orb spider (shapeshifter) (D:13)
  A phantasmal warrior (D:15)
  4 necromancers
  5 orc sorcerers (Orc:2)
  A frost giant zombie (D:15)
  21 fauns
  3 cyclopes
  14 ugly things
  17 manticores
  A shining eye (Slime:2)
  A worldbinder (Abyss:3)
  10 elephants
  17 sirens
  Joseph (D:7)
  7 water nymphs
  2 smoke demons (Abyss:3)
  3 black mambas
  2 torpor snails
  A gargoyle (Abyss:3)
  2 eyes of devastation
  16 spiny frogs
  4 rime drakes
  A demonic crawler (Abyss:3)
  7 komodo dragons
  2 hellwings
  A harpy zombie (D:14)
  4 trolls
  4 polar bears (Lair:6)
  5 large abominations
  8 wind drakes
  37 merfolk
  6 two-headed ogres
  47 slime creatures
  A hornet (D:13)
  3 dream sheep (Shoals:3)
  17 blink frogs
  A blink frog (shapeshifter) (D:15)
  13 hippogriffs
  A meliai zombie (D:10)
  A raiju (Abyss:3)
  9 snapping turtles
  Sigmund (D:3)
  An ettin skeleton (D:15)
  2 ynoxinuls (Abyss:3)
  A fire dragon skeleton (D:15)
  5 flying skulls (Abyss:3)
  13 water elementals
  A shadow (D:12)
  2 wyverns
  2 air elementals (Elf:2)
  62 yaks
  2 wraiths (D:15)
  A fire elemental (Elf:2)
  2 golden eyes (Slime:2)
  Eustachio (D:5)
  8 basilisks
  2 steam dragons
  A hungry ghost (D:11)
  7 vampire mosquitoes
  3 wargs (Orc:1)
  Menkaure (D:5)
  A soldier ant (shapeshifter) (D:15)
  9 swamp worms (Lair:5)
  15 water moccasins
  Duvessa (D:6)
  14 porcupines
  6 sky beasts
  5 ice beasts
  A black bear (shapeshifter) (D:15)
  3 eyes of draining
  A black bear (D:9)
  19 ogres
  58 orc warriors
  3 phantoms
  19 wolves
  12 centaurs
  8 crocodiles
  3 big kobolds
  4 elf zombies (Elf:1)
  11 bullfrogs
  6 earth elementals
  Dowan (D:6)
  4 wyvern skeletons
  A hornet simulacrum (D:15)
  7 scorpions
  3 killer bees (D:11)
  2 wights (D:10)
  4 electric eels (D:14)
  3 bullfrog zombies
  9 crimson imps
  A quasit (D:5)
  3 bullfrog skeletons
  4 centaur zombies
  8 hounds
  35 orc priests
  2 centaur skeletons
  12 jellies
  19 orc wizards
  4 iguanas
  9 worker ants
  A hound zombie (D:9)
  A worker ant zombie (D:10)
  A howler monkey skeleton (D:7)
  9 adders
  4 gnolls (D:10)
  7 shadow imps
  14 white imps
  17 oozes
  An adder skeleton (D:5)
  16 worms
  6 leopard geckos
  147 orcs
  14 giant cockroaches
  7 goblins
  9 hobgoblins
  9 jackals
  4 quokkas
  A ball python zombie (D:5)
  8 bats
  3 frilled lizards
  A jackal skeleton (D:5)
  A jackal zombie (D:9)
  20 kobolds
  A leopard gecko zombie (D:7)
  5 rats
  5 fungi (Lair:6)
  8 plants
  6 tentacles
1305 creatures vanquished.

Vanquished Creatures (collateral kills)
  An orc warlord (Orc:2)
  A hydra (Lair:6)
  A merfolk avatar (Lair:6)
  An orc high priest (Orc:2)
  A deep elf mage (Elf:1)
  2 elephants (Lair:6)
  A gargoyle (D:13)
  A polar bear (Lair:6)
  A meliai zombie (D:10)
  A two-headed ogre (Orc:2)
  A warg (Orc:2)
  A water moccasin (Lair:6)
  A phantom (D:11)
  An orc wizard (Orc:2)
  2 orcs
17 creatures vanquished.

Vanquished Creatures (others)
  An azure jelly (Lair:6)
  A fire dragon (D:14)
  A harpy (Shoals:3)
  An elephant (Lair:5)
  A polar bear (Lair:6)
  A blink frog (Lair:2)
  2 slime creatures (Slime:2)
  2 yaks
  An earth elemental (Abyss:3)
  A wight (D:10)
  4 orcs
  11 fungi
  25 plants
  13 starspawn tentacles (Abyss:3)
  13 tentacles
78 creatures vanquished.

Grand Total: 1400 creatures vanquished

Notes
Turn   | Place    | Note
-------+----------+-------------------------------------------
     0 | D:1      | Lochraine the Troll Monk began the quest for the Orb.
     0 | D:1      | Reached XP level 1. HP: 22/22 MP: 0/0
   231 | D:1      | Reached XP level 2. HP: 23/29 MP: 1/1
   694 | D:1      | Reached XP level 3. HP: 32/36 MP: 2/2
   864 | D:2      | Reached skill level 4 in Unarmed Combat
  1109 | D:2      | Reached XP level 4. HP: 38/44 MP: 3/3
  1272 | D:2      | Found an ancient bone altar of Kikubaaqudgha.
  2031 | D:3      | Noticed Sigmund
  2039 | D:3      | Killed Sigmund
  2039 | D:3      | Reached skill level 5 in Unarmed Combat
  2039 | D:3      | Reached XP level 5. HP: 53/53 MP: 4/4
  2039 | D:3      | Reached XP level 6. HP: 61/61 MP: 5/5
  2433 | D:4      | Reached skill level 6 in Unarmed Combat
  2433 | D:4      | Reached XP level 7. HP: 62/70 MP: 6/6
  2514 | D:4      | Noticed Grinder
  2515 | D:4      | Noticed Blork the orc
  2695 | D:5      | Entered Level 5 of the Dungeon
  2829 | D:5      | Reached skill level 7 in Unarmed Combat
  2885 | D:5      | Reached XP level 8. HP: 77/79 MP: 7/7
  2982 | D:5      | Found a staircase to the Ecumenical Temple.
  2992 | Temple   | Entered the Ecumenical Temple
  3096 | Temple   | Became a worshipper of Ru the Awakened
  3115 | D:5      | Gained mutation: You cannot study or use magical devices. [Ru sacrifice]
  3115 | D:5      | Reached * piety under Ru
  3115 | D:5      | Reached ** piety under Ru
  3115 | D:5      | Reached *** piety under Ru
  3383 | D:5      | Noticed Menkaure
  3390 | D:5      | Noticed Eustachio
  3393 | D:5      | Killed Menkaure
  3396 | D:5      | Killed Eustachio
  3396 | D:5      | Reached skill level 8 in Unarmed Combat
  3454 | D:5      | Reached skill level 5 in Fighting
  3849 | D:6      | Reached skill level 5 in Dodging
  4012 | D:6      | Identified the Guide on Companions and the Rocks
  4023 | D:6      | Noticed Duvessa
  4024 | D:6      | Noticed Dowan
  4027 | D:6      | Killed Duvessa
  4032 | D:6      | Killed Dowan
  4251 | D:6      | Reached skill level 9 in Unarmed Combat
  4251 | D:6      | Reached XP level 9. HP: 88/88 MP: 8/8
  4747 | D:7      | Found a glowing silver altar of Zin.
  4916 | D:7      | Gained mutation: You are somewhat unskilled. (-1 Apt) [Ru sacrifice]
  4916 | D:7      | Reduced skill Fighting to level 5
  4916 | D:7      | Reduced skill Dodging to level 5
  4916 | D:7      | Reached **** piety under Ru
  4991 | D:7      | Found Maposank's Gadget Shoppe.
  5026 | D:7      | Noticed Joseph
  5087 | D:7      | Killed Joseph
  5183 | D:7      | Found a glowing golden altar of the Shining One.
  5586 | D:8      | Reached XP level 10. HP: 88/98 MP: 9/9
  5692 | D:8      | Reached skill level 13 in Unarmed Combat
  5692 | D:8      | Reached XP level 11. HP: 105/105 MP: 10/10
  5693 | D:8      | Reached skill level 14 in Unarmed Combat
  5693 | D:8      | Reached XP level 12. HP: 114/114 MP: 11/11
  6041 | D:8      | Learned a level 1 spell: Animate Skeleton
  6212 | D:9      | Found a stormy altar of Qazlal.
  6222 | D:9      | Found a burning altar of Makhleb.
  6297 | D:9      | Gained mutation: You cannot be stealthy. [Ru sacrifice]
  6297 | D:9      | Reached ***** piety under Ru
  6366 | D:9      | Found a shattered altar of Ashenzari.
  6402 | D:9      | Reached skill level 1 in Necromancy
  6480 | D:9      | Found a staircase to the Lair.
  6660 | D:9      | Found a hazy altar of Hepliaklqana.
  6665 | D:9      | Found a snail-covered altar of Cheibriados.
  6666 | D:9      | Found a sparkling altar of Nemelex Xobeh.
  6666 | D:9      | Found a basalt altar of Yredelemnul.
  6670 | D:9      | Found a bloodstained altar of Trog.
  6703 | Lair:1   | Entered Level 1 of the Lair of Beasts
  6715 | Lair:1   | Reached skill level 1 in Spellcasting
  6877 | Lair:1   | Noticed Erica
  6890 | Lair:1   | Killed Erica
  7839 | Lair:2   | Gained mutation: You are clumsy. (Dex -2) [Ru sacrifice]
  7913 | Lair:2   | Reached skill level 1 in Armour
  8176 | Lair:2   | Reached XP level 13. HP: 90/124 MP: 9/15
  8180 | Lair:2   | Reached skill level 15 in Unarmed Combat
  8236 | Lair:2   | You fall through a shaft!
  9413 | Lair:4   | Gained mutation: Your magical capacity is low. (-10% MP) [Ru sacrifice]
  9415 | Lair:4   | Found a hole to the Spider Nest.
  9649 | Lair:4   | Noticed Nergalle
  9658 | Lair:4   | Killed Nergalle
  9861 | Lair:4   | Found a staircase to the Shoals.
 10357 | Lair:5   | Identified Simumirph's Reference Book on Ensnaring Attacks
 10498 | Lair:5   | Reached skill level 1 in Throwing
 10544 | Lair:5   | Noticed Oozefury's ghost (journeyman HOAK)
 10576 | Lair:5   | Killed Oozefury's ghost
 11009 | Lair:5   | Gained mutation: You have somewhat slow reflexes. (EV -3) [Ru sacrifice]
 11009 | Lair:5   | Reached ****** piety under Ru
 11666 | Lair:6   | Entered Level 6 of the Lair of Beasts
 12029 | Lair:6   | Reached XP level 14. HP: 72/136 MP: 14/14
 12524 | Lair:6   | Identified Sif Muna's Compendium of the Blaze and the Escort
 12818 | Lair:6   | Reached skill level 10 in Dodging
 13160 | Lair:6   | Found a viscous altar of Jiyva.
 13161 | Lair:6   | Noticed an azure jelly
 13169 | Lair:6   | Killed an azure jelly
 13170 | Lair:6   | Found a staircase to the Slime Pits.
 13515 | D:10     | Entered Level 10 of the Dungeon
 14112 | D:10     | Found a staircase to the Orcish Mines.
 14117 | D:10     | Found a roughly hewn altar of Beogh.
 14785 | D:11     | Found Egoirhir's Weapon Shop.
 14827 | D:11     | Found a frozen archway.
 14934 | D:11     | Noticed Snorg
 14942 | D:11     | Killed Snorg
 16576 | D:13     | Reached XP level 15. HP: 140/146 MP: 15/15
 17091 | D:13     | Reached skill level 10 in Fighting
 17091 | D:13     | Reached XP level 16. HP: 138/158 MP: 16/16
 17428 | D:14     | Found a gate to the Vaults.
 17496 | D:14     | Found a runed door.
 17500 | D:14     | Found a runed door.
 17673 | Orc:1    | Entered Level 1 of the Orcish Mines
 17855 | Orc:2    | Entered Level 2 of the Orcish Mines
 18159 | Orc:2    | Reached skill level 16 in Unarmed Combat
 18266 | Orc:2    | Found a staircase to the Elven Halls.
 18539 | Orc:2    | Reached skill level 5 in Throwing
 18940 | Orc:2    | Found a roughly hewn altar of Beogh.
 18957 | Orc:2    | Found Geakuny's Assorted Antiques.
 18968 | Orc:2    | Bought a dented jasper amulet for 95 gold pieces
 18979 | Orc:2    | Found Qourph's General Store.
 18998 | Orc:2    | Bought a scroll of teleportation for 54 gold pieces
 19084 | Orc:2    | Reached skill level 5 in Armour
 19399 | Orc:2    | Found a roughly hewn altar of Beogh.
 19501 | Orc:2    | Found Kirybric's Food Emporium.
 19576 | Orc:2    | Found Kuocih's General Store.
 19907 | Orc:2    | Noticed Monkaria's ghost (journeyman DDEE)
 19932 | Orc:2    | Killed Monkaria's ghost
 20466 | D:14     | Reached skill level 1 in Shields
 20738 | D:15     | Entered Level 15 of the Dungeon
 20869 | D:15     | Found a staircase to the Depths.
 21146 | D:15     | Noticed McCoppin's ghost (adept FoFi)
 21163 | D:15     | Killed McCoppin's ghost
 21248 | D:15     | Reached skill level 5 in Shields
 21601 | Elf:1    | Entered Level 1 of the Elven Halls
 21601 | Elf:1    | Found Avoefix's Food Boutique.
 21631 | Elf:1    | Noticed mistymad's ghost (adept NaTm)
 21782 | Elf:1    | Reached XP level 17. HP: 170/170 MP: 17/17
 21803 | Elf:1    | Killed mistymad's ghost
 22070 | Elf:1    | Identified the Reference Book on Dark Rites
 22635 | Elf:1    | Noticed Frances
 22811 | Elf:1    | Cast into level 3 of the Abyss (scimitar of distortion)
 23392 | Elf:1    | Escaped the Abyss
 23505 | Elf:1    | Killed Frances
 24288 | Elf:2    | Found a magical portal.
 24294 | Elf:2    | Found Cuqedgh's Food Shop.
 24348 | Elf:2    | Found a runed door.
 24376 | Elf:2    | Found a runed door.
 24409 | Elf:2    | Reached skill level 17 in Unarmed Combat
 24409 | Elf:2    | Reached XP level 18. HP: 179/179 MP: 18/18
 24754 | Elf:2    | Gained mutation: You have sharp toenails. [potion of beneficial mutation]
 25191 | Elf:2    | Noticed Jorgrun
 25432 | Elf:2    | Killed Jorgrun
 25979 | Shoals:1 | Entered Level 1 of the Shoals
 27319 | Shoals:2 | Identified the Catalogue of the Arsonist
 28669 | Shoals:3 | Reached skill level 18 in Unarmed Combat
 28731 | Shoals:3 | Noticed Ilsuiw
 28744 | Shoals:3 | Killed Ilsuiw
 28750 | Shoals:3 | Noticed slayr's ghost (adept MfBe)
 28781 | Shoals:4 | Entered Level 4 of the Shoals
 28790 | Shoals:3 | Killed slayr's ghost
 29361 | Shoals:4 | Reached XP level 19. HP: 140/189 MP: 18/18
 31654 | Shoals:4 | Got a barnacled rune of Zot
 32213 | Slime:1  | Entered Level 1 of the Pits of Slime
 32267 | Slime:2  | Gained mutation: You are frail. (-10% HP) [a shining eye]
 32942 | Slime:5  | Entered Level 5 of the Pits of Slime
 32993 | Slime:5  | Demolished by an azure jelly

Skill      XL: |  1  2  3  4  5  6  7  8  9 10 11 12 13 14 15 16 17 18 19 |
---------------+----------------------------------------------------------+-----
Unarmed Combat | 4 5 6 7 9 13 14 15 16 17 18 | 18.6
Fighting       | 3 4 5 6 7 8 9 10 11 12 | 12.6
Dodging        | 3 4 5 5 6 7 9 10 11 12 | 12.2
Stealth        | 0 |  0.0
Necromancy     | 2 3 |  3.1
Spellcasting   | 2 |  2.1
Armour         | 1 3 4 5 6 8 |  8.5
Throwing       | 2 4 5 6 7 |  7.1
Shields        | 6 9 |  9.0

Action                   |  1- 3 |  4- 6 |  7- 9 | 10-12 | 13-15 | 16-18 | 19-21 || total
-------------------------+-------+-------+-------+-------+-------+-------+-------++-------
Melee: Unarmed           |    85 |   126 |   355 |   319 |   978 |  1696 |   536 ||  4095
       Punch             |       |     6 |    21 |    31 |    76 |    36 |       ||   170
       Giant spiked club |       |       |    15 |       |       |       |       ||    15
       Kick              |       |       |       |       |       |   167 |   228 ||   395
Throw: Throwing net      |       |     1 |     5 |     4 |     1 |     2 |       ||    13
       Large rock        |       |       |       |       |    27 |    37 |     1 ||    65
       Javelin           |       |       |       |       |       |    26 |    53 ||    79
 Cast: Animate Skeleton  |       |       |       |       |    28 |    34 |       ||    62
Invok: Sacrifice Artific |       |       |     1 |       |       |       |       ||     1
       Power Leap        |       |       |     2 |     6 |    14 |    24 |     4 ||    50
       Sacrifice Skill   |       |       |     1 |       |       |       |       ||     1
       Sacrifice Purity  |       |       |       |     1 |       |       |       ||     1
       Sacrifice Stealth |       |       |       |     1 |       |       |       ||     1
       Apocalypse        |       |       |       |       |     4 |    10 |     4 ||    18
       Sacrifice Essence |       |       |       |       |     1 |       |       ||     1
       Sacrifice Health  |       |       |       |       |     1 |       |       ||     1
       Draw Out Power    |       |       |       |       |       |     6 |       ||     6
  Use: Scroll            |       |     1 |     6 |     4 |    10 |    20 |     6 ||    47
       Potion            |       |       |     2 |     2 |     3 |    16 |     5 ||    28
 Stab: Sleeping          |     4 |     3 |     4 |     1 |       |       |       ||    12
       Held in net/web   |       |       |     1 |       |       |       |       ||     1
       Invisible         |       |       |     2 |     3 |     8 |    18 |     3 ||    34
       Distracted        |       |       |     3 |     2 |     4 |     8 |     2 ||    19
       Paralysed         |       |       |       |       |    26 |    27 |    22 ||    75
       Petrified         |       |       |       |       |     3 |       |       ||     3
  Eat: Chunk             |    14 |    14 |    29 |    23 |    83 |   116 |    24 ||   303
       Pizza             |       |       |       |       |       |       |     3 ||     3
Armor: Robe              |    33 |    25 |    55 |    17 |    99 |     3 |       ||   232
       Troll leather arm |       |       |       |       |    19 |    28 |       ||    47
       Fire dragon scale |       |       |       |       |       |   289 |   140 ||   429
Dodge: Dodged            |    48 |    42 |   214 |   213 |   589 |   613 |   239 ||  1958
Block: Shield            |       |       |       |       |       |   514 |   299 ||   813
